 Dungeon Crawl Stone Soup version 0.31.0-11-ge490571c62 (webtiles) character file.

Game seed: 5987846876700961402

8129 Arcadio the Geomancer (level 11, -5/54 HPs)
             Began as a Gargoyle Earth Elementalist on Jan 28, 2024.
             Was an Elder of Dithmenos.
             Slain by a gargoyle
             ... wielding a +0 flail
              (16 damage)
             ... on level 10 of the Dungeon.
             The game lasted 00:25:49 (8718 turns).

Arcadio the Geomancer (Gargoyle Earth Elementalist) Turns: 8718, Time: 00:25:50

Health: -5/54      AC: 21    Str: 15    XL:     11   Next: 26%
Magic:  10/24      EV: 11    Int: 20    God:    Dithmenos [****..]
Gold:   512        SH:  0    Dex: 16    Spells: 4/28 levels left

rFire   + . .        X - +2 trident (venom)
rCold   . . .        (no shield)
rNeg    + . .        l - +0 ring mail
rPois   ∞            O - +0 helmet
rElec   +            U - +0 cloak
rCorr   .            e - +0 pair of gloves
SInv    .            q - +0 pair of boots
Will    .....        y - amulet of magic regeneration
Stlth   ++           F - ring of the Vendetta {Str+3 Dex+6}
HPRegen 0.29/turn    A - ring of protection from fire
MPRegen 0.59/turn

%: no passive effects
@: wreathed by umbra
A: sickness immunity, AC +8, negative energy resistance 1, electricity
resistance, torment resistance 1, petrification resistance
a: Renounce Religion, Shadow Step


You were on level 10 of the Dungeon.
You worshipped Dithmenos.
Dithmenos was greatly pleased with you.
You visited 3 branches of the dungeon, and saw 12 of its levels.
You also visited: Bailey.

You collected 512 gold pieces.

Inventory:

Hand Weapons
 r - a +0 morningstar
 K - a +2 whip of distortion
 V - a +4 war axe
 X - a +2 trident of venom (weapon)
Missiles
 L - 2 throwing nets
Armour
 d - a +0 scale mail
 e - a +0 pair of gloves (worn)
 l - a +0 ring mail (worn)
 q - a +0 pair of boots (worn)
 O - a +0 helmet (worn)
 U - a +0 cloak (worn)
Magical Staves
 C - a staff of conjuration
Jewellery
 h - a ring of fire
 p - a ring of willpower
 y - an amulet of magic regeneration (around neck)
 A - a ring of protection from fire (right hand)
 E - an amulet of regeneration
 F - the ring of the Vendetta (left hand) {Str+3 Dex+6}
   (You found it on level 4 of the Dungeon)

   [ring of dexterity]

   Str+3:     It affects your strength (+3).
   Dex+6:     It affects your dexterity (+6).
 S - a ring of positive energy
Wands
 n - a wand of flame (35)
 I - a wand of polymorph (13)
 Q - a wand of digging (3)
 R - a wand of charming (9)
 T - a wand of mindburst (16)
 Y - a wand of quicksilver (5)
 Z - a wand of roots (4)
Scrolls
 c - a scroll of poison {unknown}
 g - a scroll of brand weapon {unknown}
 j - 4 scrolls of enchant armour {unknown}
 k - 2 scrolls of amnesia {unknown}
 m - 4 scrolls of immolation {unknown}
 s - 2 scrolls of butterflies {unknown}
 u - 3 scrolls of identify {unknown}
 v - 5 scrolls of teleportation {unknown}
 B - 2 scrolls of blinking {unknown}
 D - 3 scrolls of enchant weapon {unknown}
 J - a scroll of revelation {unknown}
 M - a scroll of torment {unknown}
 N - 4 scrolls of fog {unknown}
 P - 2 scrolls of vulnerability {unknown}
Potions
 b - a potion of magic
 f - 2 potions of degeneration {unknown}
 i - 2 potions of enlightenment {unknown}
 o - 2 potions of mutation {unknown}
 t - 3 potions of curing
 w - a potion of cancellation {unknown}
 x - 2 potions of attraction {unknown}
 z - 3 potions of brilliance {unknown}
 G - 3 potions of heal wounds {unknown}
 H - 2 potions of invisibility {unknown}
 W - a potion of haste {unknown}
Miscellaneous
 a - a lightning rod (4/4)


   Skills:
 + Level 10.9 Armour
 - Level 1.5 Dodging
 - Level 2.1 Stealth
 + Level 9.3 Spellcasting
 - Level 4.0 Conjurations
 + Level 11.5 Earth Magic


You had 4 spell levels left.
You knew the following spells:

 Your Spells              Type           Power      Damage    Failure   Level
a - Sandblast             Erth           100%       2d20      1%          1
b - Stone Arrow           Conj/Erth      80%        3d12      1%          3
c - Brom's Barrelling Bo  Conj/Erth      40%        2d6       4%          4
d - Petrify               Alch/Erth      32%        N/A       12%         4
e - Lee's Rapid Deconstr  Erth           26%        3d14*     3%          5
f - Passwall              Erth           53%        N/A       1%          3
g - Animate Armour        Summ/Erth      64%        N/A       12%         4

Your spell library contained the following spells:

 Spells                   Type           Power      Damage    Failure   Level
 Freeze                   Ice            36%        1d5       12%         1
 Hailstorm                Conj/Ice       17%        3d6       16%         3
 Ensorcelled Hibernation  Hex/Ice        18%        N/A       19%         2
 Scorch                   Fire           18%        2d5       19%         2
 Frozen Ramparts          Ice            18%        1d3       36%         3
 Gell's Gravitas          Tloc           9%         N/A       36%         3
 Swiftness                Air            9%         N/A       36%         3
 Teleport Other           Tloc           9%         N/A       36%         3
 Flame Wave               Conj/Fire      17%        2d7       47%         4
 Animate Dead             Necr           9%         N/A       77%         4
 Summon Lightning Spire   Summ/Air       9%         N/A       77%         4
 Dispersal                Tloc           4%         N/A       100%        6
 Summon Cactus Giant      Summ           4%         N/A       100%        6
 Haunt                    Necr/Summ      4%         N/A       100%        7
 Infestation              Necr           4%         N/A       100%        8


Dungeon Overview and Level Annotations

Branches:
Dungeon (10/15)            Temple (1/1) D:4             Orc (1/2) D:9
 Bailey (visited)
   Lair: D:8-11

Altars:
Ashenzari
Cheibriados
Dithmenos
Elyvilon
Fedhas
Gozag
Hepliaklqana
Makhleb
Nemelex Xobeh
Okawaru
Qazlal
Ru
Sif Muna
Trog
Uskayaw
Vehumet
Wu Jian
Xom
Yredelemnul
Zin
The Shining One

Annotations:
D:3 exclusion: oklob plant
Orc:1 Harold


Innate Abilities, Weirdness & Mutations

You are immune to sickness and miasma.
Your stone body is resilient. (AC +8)
You are immune to poison.
You resist negative energy. (rN+)
You are resistant to electric shocks. (rElec)
You are resistant to unholy torment.
You are immune to petrification.


Message History

A gargoyle comes into view. It is wielding a +0 flail.
Casting: Stone Arrow (safe; 1% risk of failure)
Confirm with . or Enter, or press ? or * to list all spells.
Aiming: Stone Arrow (safe; 1% risk of failure)
Press: ? - help, Shift-Dir - straight line, f/p - two-headed ogre
Aim: a two-headed ogre, wielding two +0 giant clubs (heavily wounded, umbra, 89% to hit)
The stone arrow hits the two-headed ogre!!
The two-headed ogre is almost dead.
The two-headed ogre hits you with a +0 giant club!
The two-headed ogre hits you with a +0 giant club.
Casting: Stone Arrow (safe; 1% risk of failure)
Confirm with . or Enter, or press ? or * to list all spells.
Aiming: Stone Arrow (safe; 1% risk of failure)
Press: ? - help, Shift-Dir - straight line, f/p - two-headed ogre
Aim: a two-headed ogre, wielding two +0 giant clubs (almost dead, umbra, 89% to hit)
The stone arrow hits the two-headed ogre!!
You kill the two-headed ogre!
Dithmenos accepts your kill.
Casting: Stone Arrow (safe; 1% risk of failure)
Confirm with . or Enter, or press ? or * to list all spells.
Aiming: Stone Arrow (safe; 1% risk of failure)
Press: ? - help, Shift-Dir - straight line, f - gargoyle
Aim: a gargoyle, wielding a +0 flail (umbra, 89% to hit)
The stone arrow hits the gargoyle!
The gargoyle is moderately damaged.
The gargoyle misses you.
Casting: Stone Arrow (safe; 1% risk of failure)
Confirm with . or Enter, or press ? or * to list all spells.
Aiming: Stone Arrow (safe; 1% risk of failure)
Press: ? - help, Shift-Dir - straight line, f/p - gargoyle
Aim: a gargoyle, wielding a +0 flail (moderately damaged, umbra, 89% to hit)
The stone arrow hits the gargoyle!
The gargoyle is heavily damaged.
The gargoyle hurls a stone arrow at you.
The stone arrow hits you!!
* * * LOW HITPOINT WARNING * * *
You emit a cloud of dark smoke.
It was a potion of curing.
You feel better. The gargoyle hits you with a +0 flail!
You die...

############# ............#
....###.#.#.#### ............#..#
.##.###.#.#.#..###
.##.###.....##.#@#
.##...........#§#9§.....
.#######....##§#.#...... .#
#.####..####..... .# #.# #..#
..... .# #.# ####### #### .#
#.####...#.###############
.#######...##............÷.......
........._......#.....((.#.......


You could see a gargoyle.

Vanquished Creatures
  A two-headed ogre (D:10)
  Pikel (D:7)
  An elephant (D:10)
  A hornet (D:9)
  Prince Ribbit (D:7)
  A troll (D:9)
  Grinder (D:3)
  2 wyverns
  A basilisk (D:10)
  A basilisk (shapeshifter) (D:9)
  A warg (D:9)
  4 yaks (D:10)
  2 steam dragons
  2 water moccasins
  2 ice beasts
  A black bear (D:10)
  7 orc warriors
  2 ogres
  A centaur (D:10)
  4 lemures
  2 phantoms
  6 kobold brigands
  A gnoll sergeant (D:9)
  2 scorpions
  3 bullfrogs
  5 killer bees (D:9)
  11 howler monkeys
  5 bombardier beetles
  2 gnoll boudas (D:8)
  6 hounds
  6 orc priests
  An iguana (D:5)
  7 orc wizards
  A sleepcap (D:7)
  Natasha (thrice) (D:2)
  32 gnolls
  9 adders
  A white imp (D:7)
  2 ufetubi (D:5)
  An adder zombie (D:2)
  An adder skeleton (D:2)
  4 dart slugs
  44 orcs
  10 ball pythons
  A bat zombie (D:2)
  6 endoplasms
  2 giant cockroaches
  5 hobgoblins
  11 jackals (D:5)
  23 kobolds
  2 quokkas
  A ball python zombie (D:2)
  3 bats
  A frilled lizard (D:1)
  7 goblins
  A quokka zombie (D:2)
  4 rats (D:1)
  A spectral giant cockroach (D:2)
270 creatures vanquished.

Notes
Turn   | Place    | Note
-------+----------+-------------------------------------------
     0 | D:1      | Arcadio the Gargoyle Earth Elementalist began the quest for
                  | the Orb.
     0 | D:1      | Reached XP level 1. HP: 10/10 MP: 3/3
   201 | D:1      | Reached XP level 2. HP: 15/15 MP: 3/5
   301 | D:1      | Reached skill level 1 in Armour
   383 | D:1      | Reached skill level 4 in Earth Magic
   838 | D:2      | Reached XP level 3. HP: 19/19 MP: 4/6
   843 | D:2      | Learned a level 3 spell: Stone Arrow
  1224 | D:2      | Noticed Natasha
  1234 | D:2      | Killed Natasha
  1246 | D:2      | Reached XP level 4. HP: 21/24 MP: 3/8
  1357 | D:2      | Identified the +5 dagger "Hydrabane" {pain, rPois rF+
                  | Dex+5}
  1578 | D:2      | Noticed Natasha
  1582 | D:2      | Killed Natasha
  1587 | D:2      | Noticed Natasha
  1592 | D:2      | Killed Natasha
  1593 | D:2      | Reached XP level 5. HP: 28/28 MP: 4/9
  2005 | D:3      | Found a sparkling altar of Nemelex Xobeh.
  2027 | D:3      | Noticed Grinder
  2027 | D:3      | Paralysed by Grinder for 4 turns
  2037 | D:3      | Paralysed by Grinder for 5 turns
  2045 | D:3      | Paralysed by Grinder for 2 turns
  2048 | D:3      | Killed Grinder
  2049 | D:3      | Reached skill level 5 in Earth Magic
  2049 | D:3      | Reached XP level 6. HP: 29/32 MP: 1/11
  2373 | D:3      | Learned a level 4 spell: Brom's Barrelling Boulder
  2378 | D:3      | Learned a level 4 spell: Petrify
  2409 | D:3      | Found a blossoming altar of Fedhas.
  2433 | D:3      | Noticed an oklob plant
  2772 | D:4      | Found a staircase to the Ecumenical Temple.
  2797 | Temple   | Entered the Ecumenical Temple
  2830 | Temple   | Became a worshipper of Dithmenos the Shadowed
  3068 | D:4      | Reached skill level 6 in Earth Magic
  3122 | D:4      | Reached XP level 7. HP: 36/36 MP: 13/13
  3280 | D:4      | Identified the ring of the Vendetta {Str+3 Dex+6}
  3430 | D:5      | Entered Level 5 of the Dungeon
  3457 | D:5      | Found a hide-covered altar of Uskayaw.
  3546 | D:5      | Reached skill level 5 in Armour
  3637 | D:5      | Reached * piety under Dithmenos
  3653 | D:5      | Reached skill level 7 in Earth Magic
  3653 | D:5      | Reached XP level 8. HP: 41/41 MP: 13/15
  3655 | D:5      | Reached skill level 5 in Spellcasting
  3719 | D:5      | Learned a level 5 spell: Lee's Rapid Deconstruction
  3850 | D:5      | Reached ** piety under Dithmenos
  4035 | D:5      | Found a bloodstained altar of Trog.
  4083 | D:5      | Reached skill level 8 in Earth Magic
  4596 | D:6      | Reached XP level 9. HP: 45/45 MP: 9/18
  4837 | D:6      | Found a shimmering blue altar of Sif Muna.
  4943 | D:6      | Reached skill level 9 in Earth Magic
  5194 | D:7      | Noticed Prince Ribbit
  5204 | D:7      | Killed Prince Ribbit
  5281 | D:7      | Learned a level 3 spell: Passwall
  5286 | D:7      | Found a white marble altar of Elyvilon.
  5350 | D:7      | Reached *** piety under Dithmenos
  5706 | D:7      | Noticed Pikel
  5712 | D:7      | Killed Pikel
  6145 | D:8      | Reached XP level 10. HP: 50/50 MP: 8/21
  6916 | D:9      | Found a staircase to the Orcish Mines.
  7121 | D:9      | Reached **** piety under Dithmenos
  7123 | D:9      | Reached skill level 10 in Earth Magic
  7632 | Orc:1    | Entered Level 1 of the Orcish Mines
  7899 | Orc:1    | Noticed a kobold blastminer
  7899 | Orc:1    | Noticed Harold
  8058 | D:10     | Entered Level 10 of the Dungeon
  8079 | D:10     | Found a flagged portal.
  8093 | D:10     | Reached skill level 10 in Armour
  8098 | D:10     | Noticed an elephant
  8114 | D:10     | Killed an elephant
  8131 | D:10     | Reached skill level 11 in Earth Magic
  8131 | D:10     | Reached XP level 11. HP: 19/54 MP: 2/23
  8145 | Bailey   | Entered a bailey
  8316 | Bailey   | Learned a level 4 spell: Animate Armour
  8457 | Bailey   | Found a bloodstained altar of Trog.
  8578 | D:10     | Found an opulent altar of Gozag.
  8622 | D:10     | Found a snail-covered altar of Cheibriados.
  8711 | D:10     | Noticed a two-headed ogre
  8715 | D:10     | Killed a two-headed ogre
  8718 | D:10     | Slain by a gargoyle

Illustrated notes

Levels and vault maps discovered:
D:1:      minmay_arrival_cross, layout_basic
D:2:      layout_loops_corners, dilly_guarded_unrand_morg
D:3:      layout_rooms, nemelex_diamond_rough_becter, tgw_fedhas, uniq_grinder
D:4:      layout_loops_ring, minmay_temple_entry_gardened_gates
D:5:      lemuel_castle_with_subvaults [lemuel_castle_interior_carwin_2],
          layout_rooms, bloody_trog, nicolae_uskayaw_dance_hall,
          grunt_ministairs_3
D:6:      layout_rooms, mainiacjoe_overflow_cross_hatched
D:7:      layout_loops_cross, nicolae_elyvilon_peaceful_grove, corner_web_ring,
          uniq_pikel, uniq_prince_ribbit1
D:8:      layout_gridville
D:9:      layout_roguey, orc_0_dummy, serial_curves, eino_curves_03,
          eino_curves_01
D:10:     gammafunk_worm_tunnel, layout_loops_ring, kiku_gazebo_garden_becter,
          chei_slow_surprise, nicolae_gozag_seed_capital, david_lair_generic,
          enter_bailey_5, wad_rectangle_vault
Temple:   compressed_dpeg_triangle_lava_temple
Orc:1:    nicolae_orc_accident_2, layout_caves, serial_shops, shop, uniq_harold

Skill      XL: |  1  2  3  4  5  6  7  8  9 10 11 |
---------------+----------------------------------+-----
Armour         | 1 2 3 4 5 7 8 10 | 10.9
Earth Magic    | 4 5 6 7 8 9 11 | 11.5
Spellcasting   | 3 4 6 7 8 9 |  9.3
Conjurations   | 3 4 |  4.0
Dodging        | |  1.5
Stealth        | |  2.1

Action                     |  1- 3 |  4- 6 |  7- 9 | 10-12 || total
---------------------------+-------+-------+-------+-------++-------
  Melee: Dagger            |    32 |    16 |       |       ||    48
         Morningstar       |       |    23 |    41 |     1 ||    65
         Trident           |       |       |       |    67 ||    67
   Cast: Sandblast         |    34 |    46 |   107 |    18 ||   205
         Stone Arrow       |       |     2 |   103 |   105 ||   210
         Animate Armour    |       |       |       |     1 ||     1
    Use: Potion            |       |       |       |     1 ||     1
   Stab: Sleeping          |     1 |     3 |       |       ||     4
 Armour: Robe              |    21 |    46 |     8 |       ||    75
         Leather armour    |       |       |    70 |     2 ||    72
         Ring mail         |       |       |       |   147 ||   147
  Dodge: Dodged            |    22 |    40 |   118 |   114 ||   294
